 Dungeon Crawl Stone Soup version 0.31-a0-819-gf6de2f5ab6 (webtiles) character file.

Game seed: 16098029469105445230

193 demibob the Spear-Bearer (level 5, -1/35 (41) HPs)
             Began as a Merfolk Chaos Knight on Sept 24, 2023.
             Was a Plaything of Xom.
             Slain by Pikel the black mamba (shapeshifter) (23 damage)
             ... on level 4 of the Dungeon.
             The game lasted 00:03:38 (2102 turns).

demibob the Spear-Bearer (Merfolk Chaos Knight)     Turns: 2102, Time: 00:03:39

HP:   -1/35 (41)    AC:  8    Str: 13    XL:     5   Next: 72%
MP:   14/14         EV: 13    Int: 11    God:    Xom [.....*]
Gold: 146           SH:  0    Dex: 21    Spells: 4/4 levels left

rFire   . . .        a - +0 spear (chaos)
rCold   . . .        (no shield)
rNeg    . . .        b - +2 leather armour
rPois   .            e - +1 helmet
rElec   .            i - +0 cloak
rCorr   .            (no gloves)
SInv    .            (no boots)
Will    .....        (no amulet)
Stlth   ++           D - +6 ring of dexterity
HPRegen 0.25/turn    M - ring of magical power
MPRegen 0.14/turn

%: no passive effects
@: mighty, heavily drained
A: (nimble swimmer 2), mertail
a: Renounce Religion


You were on level 4 of the Dungeon.
You worshipped Xom.
You were Xom's teddy bear.
You visited 1 branch of the dungeon, and saw 4 of its levels.

You collected 146 gold pieces.


Innate Abilities, Weirdness & Mutations

((You are very nimble when in or above water. (Stealth+, EV+, Speed+++)))
Your lower body shifts to a powerful aquatic tail in water.


   Skills:
 - Level 3.2 Fighting
 + Level 8.2 Polearms
 - Level 0.6 Armour
 - Level 2.6 Dodging


You had 4 spell levels left.
You didn't know any spells.
Your spell library contained the following spells:

 Spells                   Type           Power      Damage    Failure   Level
 Apportation              Tloc           0%         N/A       41%         1
 Necrotise                Necr           0%         1d4       41%         1
 Summon Small Mammal      Summ           0%         N/A       41%         1
 Inner Flame              Hex/Fire       0%         N/A       80%         3
 Flame Wave               Conj/Fire      0%         2d4       99%         4
 Sticky Flame             Conj/Fire      0%         2d3       99%         4

Inventory:

Hand Weapons
 a - a +0 spear of chaos (weapon)
Armour
 b - a +2 leather armour (worn)
 e - a +1 helmet (worn)
 i - a +0 cloak (worn)
Jewellery
 g - an amulet of the acrobat
 l - an amulet of faith {!P}
 D - a +6 ring of dexterity (left hand)
 M - a ring of magical power (right hand)
Scrolls
 c - a scroll of butterflies
 d - 3 scrolls of identify {@r1}
 f - a scroll of summoning
Potions
 h - a potion of enlightenment
 j - 2 potions of degeneration

Dungeon Overview and Level Annotations

Branches:
Dungeon (4/15)
 Temple: D:4-7

Altars:
Gozag

Annotations:
D:4 Pikel

... # #.# #.#.#
#.###.#.#######
#......5.......
#####.#5####### # #5#
#S# #@# #.# #.# #.# #.#
###############.#
#<..............######.
##############.<.......
##.#######


You could see Pikel the black mamba shaped shifter (strong) and 3 lemures.


Message History

Pikel hits your quokka with a +2 whip of flaming.
Pikel burns your quokka.
Your quokka dies!
Your quokka's corpse disappears in a puff of smoke!
You reach to attack!
You barely miss Pikel.
Pikel is heavily wounded.
You reach to attack!
You barely miss Pikel.
Pikel is heavily wounded.
You puncture Pikel!
Pikel changes into a shapeshifter!
Pikel the shapeshifter changes into a black mamba!
You puncture Pikel!
Pikel seems to grow stronger.
Your punch misses Pikel.
Pikel is moderately wounded.
Pikel bites you.
You are poisoned.
Pikel poisons you!
Okay, then.
You closely miss Pikel.
Pikel is moderately wounded.
You feel very sick. Pikel closely misses you.
Unknown command.
You puncture Pikel!
Nothing appears to happen.
Pikel is heavily wounded.
You feel sick. Pikel bites you!
* * * LOW HITPOINT WARNING * * *
Unknown command.
You feel better. Pikel bites you. Pikel bites you!!
Ouch! That really hurt!
You die...
Xom snickers!

Skill      XL: |  1  2  3  4  5 |
---------------+----------------+-----
Polearms       | 5 6 7 8 |  8.2
Fighting       | |  3.2
Armour         | |  0.6
Dodging        | |  2.6

Action                     |  1- 3 |  4- 6 || total
---------------------------+-------+-------++-------
  Melee: Spear             |   102 |   117 ||   219
         Punch             |       |     1 ||     1
    Use: Scroll            |     4 |     4 ||     8
         Potion            |       |     9 ||     9
   Stab: Sleeping          |     3 |     5 ||     8
 Armour: Leather armour    |    30 |    31 ||    61
  Dodge: Dodged            |    38 |    37 ||    75

Levels and vault maps discovered:
D:1:      sevenhm_arrival_forest_fort_small_6, layout_rooms,
          ebering_ecumenical_altar_mist, chequers_serial_rivers_micro_d,
          minmay_misc_feat_five
D:2:      layout_rooms, serial_forest, infiniplex_forest_clump_cross,
          infiniplex_forest_clump_curved, infiniplex_forest_lined_room_2,
          infiniplex_forest_lined_3, infiniplex_forest_end_2,
          infiniplex_forest_zigzag_2, infiniplex_forest_lined_3
D:3:      layout_basic, mainiacjoe_overflow_alcove_1, roderic_cross_of_infinity
D:4:      layout_basic, fedhas_altar_1, ebering_ghost_reflecting_pool,
          minmay_ruined_shrine, uniq_pikel, uniq_duvessa

Notes
Turn   | Place    | Note
-------+----------+-------------------------------------------
     0 | D:1      | demibob the Merfolk Chaos Knight began the quest for the
                  | Orb.
     0 | D:1      | Reached XP level 1. HP: 18/18 MP: 1/1
    76 | D:1      | Reached XP level 2. HP: 22/24 MP: 2/2
   131 | D:1      | XOM: silly message
   134 | D:1      | Reached skill level 5 in Polearms
   135 | D:1      | Found a faded altar of an unknown god.
   219 | D:1      | Reached XP level 3. HP: 29/29 MP: 3/3
   416 | D:2      | XOM: stealth player
   431 | D:2      | XOM: silly message
   632 | D:2      | Reached skill level 6 in Polearms
   786 | D:2      | Reached XP level 4. HP: 35/35 MP: 4/4
  1052 | D:3      | XOM: butterfly on damage
  1054 | D:3      | Identified a potion of resistance
  1075 | D:3      | Reached skill level 7 in Polearms
  1075 | D:3      | Reached XP level 5. HP: 22/41 MP: 5/5
  1265 | D:3      | Found an opulent altar of Gozag.
  1627 | D:3      | XOM: noise
  1700 | D:3      | Reached skill level 8 in Polearms
  1714 | D:3      | XOM: draining
  2062 | D:4      | Noticed a lemure
  2065 | D:4      | Noticed Pikel
  2065 | D:4      | Noticed a lemure
  2066 | D:4      | XOM: enchant monster (good)
  2067 | D:4      | Noticed a lemure
  2069 | D:4      | XOM: silly message
  2073 | D:4      | XOM: potion effect (might)
  2076 | D:4      | XOM: cast spell 'Summon Small Mammal'
  2076 | D:4      | Noticed a lemure
  2078 | D:4      | Killed a lemure
  2095 | D:4      | XOM: enchant monster (good)
  2098 | D:4      | Pikel changed into Pikel the shapeshifter
  2098 | D:4      | Noticed Pikel (shapeshifter)
  2098 | D:4      | Pikel the shapeshifter changed into Pikel the black mamba
  2098 | D:4      | Noticed Pikel (shapeshifter)
  2102 | D:4      | Slain by Pikel the black mamba (shapeshifter)

Vanquished Creatures
  A lemure (D:4)
  An orc priest (D:3)
  A hound (D:3)
  An orc wizard (D:3)
  3 adders
  2 worms
  3 dart slugs
  6 orcs (D:3)
  6 bats
  5 endoplasms
  A giant cockroach (D:3)
  10 goblins
  4 hobgoblins
  7 kobolds
  A quokka (D:1)
  4 ball pythons
  3 frilled lizards
  8 rats
67 creatures vanquished.

Vanquished Creatures (collateral kills)
  A hobgoblin (D:4)
1 creature vanquished.

Grand Total: 68 creatures vanquished

Table legend: (Time is in decaauts)
 A = Elapsed time spent in this place.
 B = Non-inter-level travel time spent in this place.
 C = Inter-level travel time spent in this place.
 D = Time resting spent in this place.
 E = Time spent auto-exploring this place.
 F = Levels seen in this place.
 G = Mean time per level.
                   A        B        C        D        E       F      G
               +--------+--------+--------+--------+--------+-----+--------+
         Total |   2029 |   1963 |     66 |      0 |   1540 |   4 |  507.2 |
       Dungeon |   2029 |   1963 |     66 |      0 |   1540 |   4 |  507.2 |
               +--------+--------+--------+--------+--------+-----+--------+

Top non-repeatable levels by time:
     D:3: 1018 daAuts
     D:2: 547 daAuts
     D:1: 406 daAuts
     D:4: 57 daAuts

Table legend:
 A = Non-vault XP
 B = Vault XP
 C = Vault XP percentage of total XP
 D = Non-vault monster count
 E = Vault monster count
 F = Vault count percentage of total count
                 A         B        C        D         E       F
            +---------+---------+-------+---------+---------+-------
      Total |     276 |       0 |   0.0 |      67 |       0 |   0.0
            +---------+---------+-------+---------+---------+-------
        D:1 |      41 |       0 |   0.0 |      25 |       0 |   0.0
        D:2 |      51 |       0 |   0.0 |      14 |       0 |   0.0
        D:3 |     182 |       0 |   0.0 |      27 |       0 |   0.0
        D:4 |       2 |       0 |   0.0 |       1 |       0 |   0.0
            +---------+---------+-------+---------+---------+-------
